 Dungeon Sprint DCSS version 0.29.1-12-g30fa7ad0bf (webtiles) character file.

Game seed: 9609779370496627046

6717 Groucho the Unseen (level 10, -9/66 HPs)
             Began as a Spriggan Enchanter on Dec 30, 2022.
             Was an Elder of Sif Muna.
             Killed from afar by a crystal guardian (41 damage)
             ... with a crystal bolt
             ... in the Dungeon (Sprint II: "The Violet Keep of Menkaure").
             The game lasted 00:08:04 (879 turns).

Groucho the Unseen (Spriggan Enchanter)              Turns: 879, Time: 00:08:04

Health: -9/66      AC:  4    Str:  8    XL:     10   Next: 74%
Magic:  31/31      EV: 24    Int: 17    God:    Sif Muna [****..]
Gold:   723        SH:  0    Dex: 16    Spells: 30/41 levels left

rFire   . . .      SeeInvis +   a - +1 dagger
rCold   + . .      Faith    .   (no shield)
rNeg    + . .      Spirit   .   f - +2 robe {rN+}
rPois   .          Reflect  .   (helmet restricted)
rElec   .          Harm     .   (no cloak)
rCorr   .          Rampage  .   (gloves unavailable)
Will    +....      NoTele   +   (boots unavailable)
Stlth   ..........              b - amulet of Docox {rC+ Regen+ Stlth+}
HPRegen 1.01/turn               (no ring)
MPRegen 0.22/turn               (no ring)

@: berserking, flying, invisible, very quick
A: very small, no large weapons, unfitting armour, see invisible, speed 3
a: Renounce Religion, Channel Magic, Forget Spell, Divine Exegesis


You were in the Dungeon.
You worshipped Sif Muna.
Sif Muna was greatly pleased with you.
You visited 1 branch You collected 1314 gold pieces.
You spent 591 gold pieces at shops.

Inventory:

Hand Weapons
 a - a +1 dagger (weapon)
Armour
 f - a +2 robe of positive energy (worn)
Jewellery
 b - the amulet of Docox (around neck) {rC+ Regen+ Stlth+}
   (You bought it in a shop in the Dungeon)

   [amulet of regeneration]

   rC:        It protects you from cold.
   Regen:     It increases your rate of health regeneration.
   Stlth:     It makes you more stealthy.
Scrolls
 i - a scroll of blinking
 j - a scroll of identify {unknown}
Potions
 c - 2 potions of flight
 d - 2 potions of curing
 g - 2 potions of magic


   Skills:
 - Level 10.0 Short Blades
 + Level 11.8 Dodging
 - Level 18.0 Stealth
 + Level 16.1 Spellcasting
 * Level 4.4 Conjurations
 - Level 14.0 Hexes
 * Level 5.4 Earth Magic
 + Level 3.9 Invocations


You had 30 spell levels left.
You knew the following spells:

 Your Spells              Type           Power      Damage    Failure   Level
a - Ensorcelled Hibernat  Hex/Ice        74%        N/A       1%          2
b - Confusing Touch       Hex            57%        N/A       1%          3
c - Dazzling Flash        Conj/Hex       90%        N/A       1%          3
d - Tukima's Dance        Hex            57%        N/A       1%          3

Your spell library contained the following spells:

 Spells                   Type           Power      Damage    Failure   Level


Dungeon Overview and Level Annotations

Branches:
Dungeon (1/1)

Altars:
Cheibriados
Dithmenos
Elyvilon
Fedhas
Gozag
Hepliaklqana
Kikubaaqudgha
Makhleb
Nemelex Xobeh
Okawaru
Qazlal
Ru
Sif Muna
Trog
Uskayaw
Vehumet
Wu Jian
Xom
Yredelemnul
Zin
The Shining One
Jiyva
Lugonu

Shops:
D =!:[(!!?!([[:=[

Annotations:
D exclusions: oklob plant and wyvern


Innate Abilities, Weirdness & Mutations

You are very small and have problems with some larger weapons.
You are too small for most types of armour.
You have supernaturally acute eyesight. (SInv)
You cover ground extremely quickly. (Speed+++)


Message History

Unknown command.
The helpless death drake fails to defend itself.
You perforate the death drake like a sieve!!!!
You kill the death drake!
Sif Muna accepts your kill.
The crystal guardian hits you but does no damage.
Your Conjurations skill increases to level 3!
Your Earth Magic skill increases to level 4!
Your Invocations skill increases to level 3!
Unknown command.
Unknown command.
You see here 3 blue potions.
c - 3 blue potions The crystal guardian misses you.
The crystal guardian hits you!!
Ouch! That really hurt!
The crystal guardian hits you!
* * * LOW HITPOINT WARNING * * *
You feel much better.
It was a potion of flight.
You feel very buoyant.
You fly up into the air.
The helpless deep elf master archer fails to defend itself.
You skewer the deep elf master archer like a kebab!!!!
You kill the deep elf master archer!
Sif Muna accepts your kill.
Training target 18.0 for Stealth reached!
Your Stealth skill increases to level 18!
Your Spellcasting skill increases to level 16!
Your Conjurations skill increases to level 4!
Your Earth Magic skill increases to level 5!
Unknown command.
Unknown command.
Okay, then.
A red film seems to cover your vision as you go berserk!
You feel yourself moving faster!
You feel mighty!
The crystal guardian fires a crystalline bolt at you.
The crystal bolt burns you!! The crystal bolt burns you!!!
Ouch! That really hurt!
You die...

##++## ##≈...### #)≈.....###
+# ####....#.## .
#..'....#9.# #+#
..#..####.#..#
#.###.####..'.##@# .#††#
...#..#...####
.#.####..#####.^##.# !!$
#'###.##..#.['..#.)#▓[!$(!
#.##††.#..#..#^.#..#▓??(![($
.<.'.##'..####..##†#▓)$))$$$
#.##.†.#....###...##▓▓▓▓▓▓▓+
#'###.##......~~~~~~~~~~~~~
.#.####~~.....~#'########+##


You could see a crystal guardian.

Vanquished Creatures
  A deep elf master archer (D)
  An ice dragon (D)
  2 boulder beetles (D)
  2 death drakes (D)
  A yaktaur (D)
  3 polar bears (D)
  A hornet (D)
  5 wyverns (D)
  Menkaure (D)
  A water moccasin (D)
  2 swamp drakes (D)
  4 scorpions (D)
  4 necrophages (D)
  2 spectral adders (D)
30 creatures vanquished.

Notes
Turn   | Place    | Note
-------+----------+-------------------------------------------
     0 | D        | Groucho the Spriggan Enchanter began the quest for the Orb.
     0 | D        | Reached XP level 1. HP: 9/9 MP: 5/5
     1 | D        | Noticed a boulder beetle
     1 | D        | Noticed a boulder beetle
     6 | D        | Noticed a scorpion
     6 | D        | Noticed a scorpion
     6 | D        | Noticed a scorpion
     6 | D        | Noticed a scorpion
     9 | D        | Killed a scorpion
    10 | D        | Reached skill level 8 in Stealth
    10 | D        | Reached skill level 5 in Hexes
    10 | D        | Reached XP level 2. HP: 13/13 MP: 5/8
    10 | D        | Reached XP level 3. HP: 16/16 MP: 6/10
    10 | D        | Killed a scorpion
    11 | D        | Reached skill level 10 in Stealth
    11 | D        | Reached skill level 5 in Spellcasting
    11 | D        | Reached XP level 4. HP: 21/21 MP: 6/12
    13 | D        | Killed a scorpion
    14 | D        | Reached skill level 5 in Short Blades
    14 | D        | Reached skill level 11 in Stealth
    14 | D        | Reached XP level 5. HP: 24/24 MP: 6/14
    15 | D        | Reached skill level 12 in Stealth
    34 | D        | Reached skill level 13 in Stealth
    34 | D        | Reached XP level 6. HP: 28/28 MP: 7/17
    39 | D        | Reached skill level 14 in Stealth
    49 | D        | Noticed a wyvern
    49 | D        | Noticed a wyvern
    52 | D        | Killed a wyvern
    53 | D        | Reached skill level 15 in Stealth
    53 | D        | Reached XP level 7. HP: 31/32 MP: 8/20
    60 | D        | Killed a wyvern
    61 | D        | Reached skill level 16 in Stealth
    67 | D        | Killed a boulder beetle
    68 | D        | Reached skill level 17 in Stealth
    68 | D        | Reached skill level 10 in Spellcasting
    68 | D        | Reached XP level 8. HP: 35/36 MP: 9/23
    70 | D        | Killed a boulder beetle
    71 | D        | Reached skill level 10 in Short Blades
    71 | D        | Reached XP level 9. HP: 38/39 MP: 10/26
    77 | D        | Learned a level 2 spell: Ensorcelled Hibernation
    81 | D        | Learned a level 3 spell: Confusing Touch
    85 | D        | Learned a level 3 spell: Dazzling Flash
    89 | D        | Learned a level 3 spell: Tukima's Dance
    89 | D        | Found Vycleukh's Antique Armour Shop.
    90 | D        | Found Huarphua's Jewellery Boutique.
    90 | D        | Found Kucs's Antique Armour Shop.
    90 | D        | Found Risubli's Armour Shop.
    90 | D        | Found Ratutotiez's Distillery.
    90 | D        | Found Cacienwu's Antique Weapon Boutique.
    90 | D        | Found Ciuschiu's Distillery.
    90 | D        | Found Bado's Magic Scroll Shop.
    91 | D        | Found Zifaar's Book Boutique.
    91 | D        | Found Kickab's Distillery.
    91 | D        | Noticed Menkaure
    91 | D        | Noticed a shining eye
    91 | D        | Noticed a shining eye
   118 | D        | Killed Menkaure
   122 | D        | Found Asami's Antique Weapon Shop.
   122 | D        | Found Ekhliymne's Antique Armour Boutique.
   122 | D        | Noticed a shining eye
   122 | D        | Noticed an oklob plant
   123 | D        | Found Yshaagy's Distillery.
   123 | D        | Found Oxziercha's Jewellery Boutique.
   123 | D        | Found Aruoru's Book Shoppe.
   143 | D        | Noticed a manticore
   147 | D        | Noticed a manticore
   154 | D        | Noticed a manticore
   163 | D        | Bought a glowing robe for 77 gold pieces
   178 | D        | Bought the amulet of Docox {rC+ Regen+ Stlth+} for 514 gold
                  | pieces
   220 | D        | Found a hazy altar of Hepliaklqana.
   220 | D        | Found a snail-covered altar of Cheibriados.
   221 | D        | Found a stormy altar of Qazlal.
   221 | D        | Found a viscous altar of Jiyva.
   221 | D        | Found a shadowy altar of Dithmenos.
   222 | D        | Found a sacrificial altar of Ru.
   222 | D        | Found an ancient bone altar of Kikubaaqudgha.
   222 | D        | Found a white marble altar of Elyvilon.
   223 | D        | Found an ornate altar of the Wu Jian Council.
   223 | D        | Found a shimmering blue altar of Sif Muna.
   223 | D        | Found a corrupted altar of Lugonu.
   224 | D        | Found a shimmering altar of Xom.
   224 | D        | Found a bloodstained altar of Trog.
   224 | D        | Found a burning altar of Makhleb.
   225 | D        | Found a glowing golden altar of the Shining One.
   225 | D        | Found a basalt altar of Yredelemnul.
   225 | D        | Found a hide-covered altar of Uskayaw.
   227 | D        | Found a glowing silver altar of Zin.
   227 | D        | Found a radiant altar of Vehumet.
   227 | D        | Found a blossoming altar of Fedhas.
   227 | D        | Found a sparkling altar of Nemelex Xobeh.
   228 | D        | Found an opulent altar of Gozag.
   228 | D        | Found an iron altar of Okawaru.
   232 | D        | Became a worshipper of Sif Muna the Loreminder
   242 | D        | Noticed an ice dragon
   244 | D        | Killed an ice dragon
   261 | D        | Reached * piety under Sif Muna
   290 | D        | Noticed a yaktaur
   290 | D        | Noticed a polar bear
   291 | D        | Noticed a polar bear
   296 | D        | Killed a polar bear
   296 | D        | Noticed a polar bear
   301 | D        | Killed a polar bear
   301 | D        | Reached ** piety under Sif Muna
   305 | D        | Killed a polar bear
   308 | D        | Reached skill level 15 in Spellcasting
   311 | D        | Killed a yaktaur
   312 | D        | Reached skill level 10 in Dodging
   312 | D        | Reached XP level 10. HP: 44/44 MP: 16/30
   329 | D        | Noticed a deep elf master archer
   336 | D        | Reached *** piety under Sif Muna
   337 | D        | Reached skill level 1 in Earth Magic
   339 | D        | Reached skill level 1 in Conjurations
   339 | D        | Reached skill level 1 in Invocations
   845 | D        | Noticed a death drake
   846 | D        | Noticed a death drake
   846 | D        | Noticed a crystal guardian
   848 | D        | Reached **** piety under Sif Muna
   850 | D        | Killed a death drake
   852 | D        | Killed a death drake
   869 | D        | Killed a deep elf master archer
   870 | D        | Reached skill level 18 in Stealth
   870 | D        | Reached skill level 5 in Earth Magic
   879 | D        | Killed from afar by a crystal guardian

Illustrated notes

Levels and vault maps discovered:
D:        the_violet_keep_of_menkaure [sprint2_stairs_cluster_1,
          sprint2_shoproom, sprint2_temple, sprint2_basic_supplies,
          sprint2_obstacle_2, sprint2_obstacle_3, sprint2_obstacle_7,
          sprint2_obstacle_4, sprint2_obstacle_6, sprint2_timed_cluster_1,
          sprint2_smallroom_cluster_1, sprint2_smallroom_final_cluster_1,
          sprint2_transparent_cluster_1, sprint2_second_timed_cluster_1,
          sprint2_sniper_area_1, sprint2_heavy_combat_area_1,
          sprint2_mutation_trap_area_1, sprint2_forest_area_1,
          sprint2_light_combat_area_1, sprint2_behind_water_1,
          sprint2_near_end_vault_1]

Skill      XL: |  1  2  3  4  5  6  7  8  9 10 |
---------------+-------------------------------+-----
Short Blades   | 3 4 5 6 7 9 10 | 10.0
Stealth        | 8 10 11 13 15 17 18 | 18.0
Spellcasting   | 4 5 6 7 8 10 12 15 16 | 16.1
Hexes          | 5 6 7 9 11 13 14 | 14.0
Dodging        | 10 11 | 11.8
Earth Magic    | 5 |  5.4
Conjurations   | 4 |  4.4
Invocations    | 3 |  3.9

Action                   |  1- 3 |  4- 6 |  7- 9 | 10-12 || total
-------------------------+-------+-------+-------+-------++-------
Melee: Dagger            |     2 |    19 |    38 |     8 ||    67
 Cast: Confusing Touch   |       |       |     4 |       ||     4
       Ensorcelled Hiber |       |       |     3 |     4 ||     7
  Use: Potion            |     2 |       |       |     4 ||     6
 Stab: Sleeping          |     2 |     3 |     8 |     8 ||    21
       Invisible         |       |     4 |       |       ||     4
       Confused          |       |       |     5 |       ||     5
Armor: Robe              |       |       |     3 |     1 ||     4
Dodge: Dodged            |       |    10 |    20 |     8 ||    38
